 Dungeon Crawl Stone Soup version 0.29-a0-194-g6e3aafee17 (webtiles) character file.

Game seed: 8884700792220673245

152263 drugrobin the Impaler (level 16, -9/147 HPs)
             Began as a Demigod Warper on Feb 21, 2022.
             Killed from afar by a merfolk aquamancer (69 damage)
             ... with a ball of steam
             ... on level 4 of the Shoals on Feb 22, 2022.
             The game lasted 03:19:23 (40075 turns).

drugrobin the Impaler (Demigod Warper)             Turns: 40075, Time: 03:19:24

Health: -9/147     AC: 12    Str: 31    XL:     16   Next: 47%
Magic:  1/26       EV: 12    Int: 18    God:
Gold:   1506       SH:  5    Dex: 19    Spells: 1/23 levels left

rFire   x . .      SeeInvis +   c - +6 spear (venom)
rCold   + . .      Faith    .   (no shield)
rNeg    + . .      Spirit   .   K - +2 troll leather armour
rPois   +          Reflect  +   h - +1 hat
rElec   .          Harm     .   Y - +1 cloak {rPois}
rCorr   +          Rampage  .   y - +0 pair of gloves
Will    ++...                   W - +1 pair of boots {Fly}
Stlth   ++........              z - amulet "Bammebaw" {Reflect Contam rN+ rCorr Str+7 SH+5}
HPRegen 1.14/turn               T - ring "Vyah" {Will+ Int-5 Dex+6 SInv}
MPRegen 0.20/turn               o - ring of ice

@: flying
A: high MP 1, forlorn, divine attributes
a: no special abilities


You were on level 4 of the Shoals.
You visited 5 branches of the dungeon, and saw 28 of its levels.
You visited the Abyss 1 time.
You also visited: Sewer, Gauntlet and Volcano.

You collected 3110 gold pieces.
You spent 1604 gold pieces at shops.

Inventory:

Hand Weapons
 a - a +1 halberd of flaming
 b - a +2 shortbow of flaming
 c - a +6 spear of venom (weapon)
 P - a +2 antimagic trident
Missiles
 n - 5 curare-tipped darts
 M - 9 throwing nets
 O - 30 boomerangs (quivered)
Armour
 h - a +1 hat (worn)
 i - the +5 ring mail of the Storm King {rElec}
   (You found it on level 6 of the Lair of Beasts)

   rElec:     It insulates you from electricity.
 y - a +0 pair of gloves (worn)
 K - a +2 troll leather armour (worn)
 V - a +2 cloak of fire resistance
 W - a +1 pair of boots of flying (worn)
 Y - a +1 cloak of poison resistance (worn)
Magical Staves
 g - a staff of death
Jewellery
 o - a ring of ice (right hand)
 v - a ring of willpower
 z - the amulet "Bammebaw" (around neck) {Reflect Contam rN+ rCorr Str+7 SH+5}
   (You took it off a minotaur in a Gauntlet)

   [amulet of reflection]

   It reflects blocked missile attacks.
   Str:       It affects your strength (+7).
   rN:        It protects you from negative energy.
   Contam:    It causes magical contamination when unequipped.
   rCorr:     It protects you from acid and corrosion.
   SH:        It affects your SH (+5).
 D - a ring of ice
 F - the ring of Ephemeral Luck {Fire Dex+2 SInv}
   (You found it on level 9 of the Dungeon)

   [ring of fire]

   It enhances your fire magic.
   Dex:       It affects your dexterity (+2).
   rF:        It protects you from fire.
   rC:        It makes you vulnerable to cold.
   SInv:      It lets you see invisible.
 G - the ring of Jesopet {Fire Dex+4 Slay+3}
   (You bought it in a shop on level 10 of the Dungeon)

   [ring of fire]

   It enhances your fire magic.
   Dex:       It affects your dexterity (+4).
   Slay:      It affects your accuracy & damage with ranged weapons and melee
   (+3).
   rF:        It protects you from fire.
   rC:        It makes you vulnerable to cold.
 T - the ring "Vyah" (left hand) {Will+ Int-5 Dex+6 SInv}
   (You found it in a Gauntlet)

   [ring of dexterity]

   Int:       It affects your intelligence (-5).
   Dex:       It affects your dexterity (+6).
   SInv:      It lets you see invisible.
   Will:      It increases your willpower.
Wands
 k - a wand of paralysis (7)
 l - a wand of iceblast (25)
 r - a wand of flame (8)
 w - a wand of polymorph (15)
 C - a wand of charming (14)
 L - a wand of acid (6)
 U - a wand of mindburst (6)
Scrolls
 d - a scroll of amnesia
 f - 7 scrolls of fear
 j - a scroll of magic mapping
 m - 8 scrolls of fog
 s - 16 scrolls of teleportation
 u - 2 scrolls of enchant weapon
 B - a scroll of summoning
 H - 7 scrolls of enchant armour
 N - 2 scrolls of silence
 Q - 6 scrolls of blinking
Potions
 e - 2 potions of haste
 t - 3 potions of cancellation
 x - 13 potions of curing
 A - a potion of invisibility
 E - 2 potions of might
 I - a potion of heal wounds
 R - a potion of berserk rage
Miscellaneous
 p - a piece from Xom's chessboard (15/15)
 q - a condenser vane
 J - a phantom mirror


   Skills:
 + Level 14.5 Fighting
 - Level 16.0 Polearms
 - Level 0.8 Throwing
 - Level 0.8 Armour
 - Level 1.7 Dodging
 - Level 2.0 Stealth
 - Level 4.2 Spellcasting
 * Level 9.0 Necromancy
 - Level 15.0 Translocations
 - Level 8.7 Evocations


You had one spell level left.
You knew the following spells:

 Your Spells              Type           Power      Damage    Failure   Level
a - Blink                 Tloc           100%       N/A       1%          2
b - Teleport Other        Tloc           55%        N/A       1%          3
c - Manifold Assault      Tloc           55%        N/A       1%          5
d - Gell's Gravitas       Tloc           55%        N/A       1%          3
e - Lesser Beckoning      Tloc           55%        N/A       1%          3
f - Animate Skeleton      Necr           72%        N/A       1%          1
g - Animate Dead          Necr           18%        N/A       3%          4
q - Apportation           Tloc           100%       N/A       1%          1

Your spell library contained the following spells:

 Spells                   Type           Power      Damage    Failure   Level
 Beastly Appendage        Tmut           6%         N/A       16%         1
 Freeze                   Ice            20%        1d4       16%         1
 Sandblast                Erth           6%         2d5       16%         1
 Sting                    Tmut/Pois      12%        1d3       16%         1
 Summon Small Mammal      Summ           12%        N/A       16%         1
 Corpse Rot               Necr/Air       40%        N/A       3%          2
 Passwall                 Tmut/Erth      2%         N/A       24%         2
 Poisonous Vapours        Pois/Air       6%         N/A       24%         2
 Wereblood                Tmut           3%         N/A       24%         2
 Confusing Touch          Hex            3%         N/A       43%         3
 Dazzling Flash           Conj/Hex       6%         N/A       43%         3
 Frozen Ramparts          Ice            10%        1d3       43%         3
 Ignite Poison            Fire/Tmut/Pois 3%         N/A       43%         3
 Inner Flame              Hex/Fire       3%         N/A       43%         3
 Mephitic Cloud           Conj/Pois/Air  3%         N/A       43%         3
 Ozocubu's Armour         Ice            5%         N/A       43%         3
 Spider Form              Tmut/Pois      3%         N/A       43%         3
 Stone Arrow              Conj/Erth      6%         3d7       43%         3
 Death Channel            Necr           18%        N/A       52%         6
 Cause Fear               Hex            1%         N/A       85%         4
 Hailstorm                Conj/Ice       5%         3d4       85%         4
 Olgreb's Toxic Radiance  Pois           3%         N/A       85%         4
 Disjunction              Tloc           27%        N/A       92%         8
 Simulacrum               Ice/Necr       15%        N/A       98%         6
 Freezing Cloud           Conj/Ice/Air   2%         6-21      99%         5
 Metabolic Englaciation   Hex/Ice        2%         N/A       99%         5
 Conjure Ball Lightning   Conj/Air       1%         3x3d6     100%        6
 Starburst                Conj/Fire      1%         6d3       100%        6
 Haunt                    Necr/Summ      10%        N/A       100%        7
 Borgnjor's Revivificati  Necr           18%        N/A       100%        8
 Discord                  Hex            1%         N/A       100%        8
 Infestation              Necr           18%        N/A       100%        8


Dungeon Overview and Level Annotations

Branches:
Dungeon (15/15)            Temple (0/1) D:7            Lair (6/6) D:10
 Shoals (4/4) Lair:2       Spider (0/4) Lair:3        Slime (1/5) Lair:5
    Orc (2/2) D:12            Elf (0/3) Orc:2        Vaults (0/5) D:14
 Depths (0/4) D:15          Sewer (visited)         Volcano (visited)
Gauntlet (visited)

Shops:
D:4 [   D:6 *   D:9 ?**   D:10 =   Orc:1 =   Orc:2 [?[[

Portals:
Abyss: Lair:6

Annotations:
D:2 1 runed translucent door, Crazy Yiuf
D:14 Louise
D:15 Rupert
Lair:1 exclusion: oklob plant
Shoals:2 Roxanne


Innate Abilities, Weirdness & Mutations

You have an increased reservoir of magic. (+10% MP)
You shall have no god before yourself.
Your divine heritage dramatically boosts your attributes as you level up.


Message History

Aim: a merfolk aquamancer, wielding a +4 rapier of venom and wearing a +0 robe (severely wounded, very poisoned, 62% to hit)
You throw a boomerang.
The boomerang hits the merfolk aquamancer.
The merfolk aquamancer is severely wounded.
You are engulfed in a cloud of scalding steam.
The merfolk aquamancer gestures at you while chanting.
The shard of ice misses you.
Unknown command.
Unknown command.
Unknown command.
Unknown command.
Throw: 30 boomerangs
Press: ? - help, Q - select action, (/) - cycle Shift-Dir - straight line, f/p - merfolk aquamancer
Aim: a merfolk aquamancer, wielding a +4 rapier of venom and wearing a +0 robe (severely wounded, very poisoned, 62% to hit)
You throw a boomerang.
The boomerang closely misses the merfolk aquamancer.
You are engulfed in a cloud of scalding steam.
The merfolk aquamancer casts a spell.
The merfolk aquamancer blinks!
Unknown command.
Unknown command.
Unknown command.
Unknown command.
Casting: Manifold Assault (mildly dangerous; 1% risk of failure)
Confirm with . or Enter, or press ? or * to list all spells.
Aiming: Teleport Other (safe; 1% risk of failure)
Press: ? - help, Shift-Dir - straight line, f - merfolk impaler, p - merfolk aquamancer
Aim: a merfolk impaler, wielding a +0 trident of venom and wearing a +1 robe of positive energy (chance to affect: 68%)
The merfolk impaler struggles to resist.
You block the merfolk impaler's attack.
Unknown command.
The merfolk aquamancer casts a spell at you.
The torrent of water hits you!!!
You stop ascending the stairs.
You are knocked back by the torrent of water.
The wave splashes down.
The merfolk impaler barely misses you.
You hear a shout!
You hear an angry hiss.
You hear a shout! x2
The merfolk impaler completely misses you.
The merfolk aquamancer gestures at you while chanting.
The ball of steam hits you!!! The steam scalds you terribly!
You die...

##...##.....≈≈≈≈≈≈≈≈≈≈≈
#...[.#.....≈≈≈≈....≈≈≈
≈≈≈≈≈≈#.....'....≈≈≈≈≈.....≈≈
≈≈≈≈.≈#.....#....≈≈≈≈≈....≈m≈
≈≈...##..≈##..).≈≈≈≈≈≈..≈≈≈≈ ≈≈
.....#####≈..[m≈≈≈≈≈≈≈≈≈≈## ≈≈
#####.....≈≈≈≈.§§...≈≈≈≈≈≈≈##
≈≈##≈≈.##....≈≈≈)§)....≈≈≈≈≈≈§#
≈≈#.≈≈..#...≈)≈≈@.≈......≈≈m≈≈#
≈.#.≈[..'..≈≈≈).........≈≈≈≈≈≈#
≈≈#.....#..≈≈≈m≈)().###.≈m≈≈≈≈##
≈≈##...##..≈≈≈......###.≈m≈≈≈≈≈##
≈..#####...≈≈≈≈......##..≈≈≈≈≈≈≈≈
.......m...≈≈≈≈≈...........≈≈≈≈≈≈
....?.(....≈≈≈≈≈≈.........≈≈≈≈≈≈≈
.÷<))......≈≈≈≈≈≈≈≈≈....≈≈≈≈≈≈≈≈≈
.[...m..#..≈≈≈≈≈≈≈≈≈...≈≈≈≈≈≈P≈≈≈


You could see a merfolk impaler and a merfolk aquamancer (poisoned).

Vanquished Creatures
  Frances (Shoals:2)
  A kraken (Shoals:3)
  An orc warlord (Orc:1)
  A minotaur (Gauntlet)
  6 merfolk impalers
  The ghost of frimble the Frost Mage, a journeyman GnIE of Cheibriados (Lair:1)
  3 merfolk javelineers
  Josephine (Shoals:1)
  3 boulder beetles
  5 hydras
  An alligator snapping turtle (Shoals:1)
  2 merfolk avatars (Shoals:1)
  2 vault guards (D:14)
  6 merfolk aquamancers
  A catoblepas (Lair:4)
  4 centaur warriors
  18 death yaks
  2 satyrs
  2 tengu warriors (D:15)
  3 two-headed ogres
  Urug (D:13)
  4 orc high priests
  A fire crab (Lair:4)
  2 thrashing horrors (Lair:6)
  A fire crab (shapeshifter) (D:13)
  14 sea snakes
  A glowing orange brain (Lair:1)
  2 wizards (D:14)
  Pikel (D:4)
  13 harpies
  A necromancer (D:14)
  5 orc sorcerers
  11 ugly things
  3 deep elf pyromancers
  4 orc knights
  7 fauns
  4 oklob plants
  5 cyclopes
  8 elephants
  3 centaur zombies (D:10)
  8 manticores
  2 black mambas
  9 water nymphs
  9 merfolk sirens
  3 smoke demons
  2 molten gargoyles (Volcano)
  5 rime drakes
  13 cane toads
  2 unseen horrors
  10 komodo dragons
  A freezing wraith (D:14)
  An ancient zyme (Lair:6)
  A red devil (Volcano)
  A meliai (Lair:3)
  9 wind drakes
  A hornet (D:10)
  7 trolls
  38 merfolk
  22 blink frogs
  3 polar bears
  5 snapping turtles
  8 dream sheep
  10 slime creatures
  Sigmund (D:5)
  9 wraiths
  A culicivora (shapeshifter) (Lair:6)
  9 water elementals
  3 shadows (D:11)
  A spriggan (Lair:6)
  6 wyverns
  A vampire (D:11)
  3 ynoxinuls (Lair:6)
  20 humans (D:14)
  49 yaks
  Eustachio (D:5)
  5 fire bats (Volcano)
  5 basilisks
  2 golden eyes (Slime:1)
  A basilisk (shapeshifter) (D:13)
  5 vampire mosquitoes
  4 steam dragons
  A chaos spawn (Lair:6)
  An acid dragon (D:8)
  Edmund (D:5)
  27 water moccasins
  A floating eye (Lair:4)
  2 large abominations (Lair:6)
  30 orc warriors
  2 sky beasts (D:6)
  3 black bears
  An ice beast (D:6)
  6 necrophages
  An ogre (shapeshifter) (Lair:6)
  5 ogres
  9 wolves (Lair:1)
  16 centaurs
  3 phantoms
  A kobold brigand (D:9)
  A wyvern zombie (D:6)
  6 gnoll sergeants
  10 bullfrogs
  3 scorpions
  5 killer bees
  3 wights (D:9)
  7 small abominations (Lair:6)
  5 lava snakes (Volcano)
  8 jellies
  19 orc priests
  3 hounds
  An iron imp (D:4)
  A gnoll shaman (D:7)
  4 iguanas
  Ijyb (D:3)
  17 orc wizards
  4 killer bee zombies
  A hound skeleton (D:4)
  25 gnolls
  5 adders
  A shadow imp (D:8)
  2 white imps
  2 ufetubi
  An adder skeleton (D:4)
  3 worms (D:3)
  A worm (shapeshifter) (D:10)
  2 dart slugs (D:1)
  71 orcs
  14 ball pythons
  7 bats
  14 endoplasms
  3 giant cockroaches
  19 hobgoblins
  4 quokkas
  7 frilled lizards
  10 goblins
  18 kobolds
  9 rats
  A plant (Lair:4)
  A tentacle (Shoals:3)
880 creatures vanquished.

Vanquished Creatures (collateral kills)
  A merfolk javelineer (Shoals:4)
  A merfolk avatar (Shoals:3)
  A merfolk siren (Shoals:3)
  A wind drake (Shoals:3)
  A snapping turtle (Shoals:3)
5 creatures vanquished.

Vanquished Creatures (others)
  A water elemental (Shoals:2)
  3 vampire mosquitoes (D:12)
  An orc wizard (Orc:2)
  An orc (Orc:2)
  A bush (D:10)
  15 fungi
  140 plants
  17 tentacles (Shoals:3)
179 creatures vanquished.

Grand Total: 1064 creatures vanquished

Notes
Turn   | Place    | Note
-------+----------+-------------------------------------------
     0 | D:1      | drugrobin the Demigod Warper began the quest for the Orb.
     0 | D:1      | Reached XP level 1. HP: 17/17 MP: 5/5
    41 | D:1      | Reached skill level 2 in Polearms
   126 | D:1      | Reached XP level 2. HP: 14/24 MP: 7/7
   277 | D:1      | Reached skill level 1 in Stealth
   812 | D:1      | Reached XP level 3. HP: 23/29 MP: 8/8
   815 | D:1      | Learned a level 2 spell: Blink
   819 | D:1      | Learned a level 3 spell: Teleport Other
  1667 | D:2      | Found a runed translucent door.
  1668 | D:2      | Noticed Crazy Yiuf
  2468 | D:3      | Noticed Ijyb
  2509 | D:3      | Killed Ijyb
  2510 | D:3      | Reached skill level 3 in Polearms
  2510 | D:3      | Reached XP level 4. HP: 12/36 MP: 9/9
  2650 | D:3      | Found a glowing drain.
  2687 | Sewer    | Entered a sewer
  3143 | Sewer    | Reached XP level 5. HP: 41/41 MP: 10/10
  3236 | Sewer    | Reached skill level 4 in Polearms
  3397 | D:3      | Reached XP level 6. HP: 39/48 MP: 11/11
  3632 | D:3      | Noticed an Executioner
  3635 | D:3      | Noticed a hellwing
  3635 | D:3      | Noticed a neqoxec
  4118 | D:4      | Found Ystraffosh's Antique Armour Shoppe.
  4582 | D:4      | Noticed Pikel
  4594 | D:4      | Killed Pikel
  4595 | D:4      | Reached skill level 5 in Polearms
  4595 | D:4      | Reached XP level 7. HP: 30/53 MP: 12/12
  4990 | D:5      | Entered Level 5 of the Dungeon
  4990 | D:5      | Noticed Eustachio
  5098 | D:5      | Reached skill level 6 in Polearms
  5384 | D:5      | You fall into a shaft and drop 1 floor!
  6029 | D:6      | Reached XP level 8. HP: 46/60 MP: 13/13
  6982 | D:5      | Killed Eustachio
  6983 | D:5      | Reached skill level 7 in Polearms
  7637 | D:5      | Noticed Edmund
  7687 | D:4      | Bought a glowing troll leather armour for 342 gold pieces
  7829 | D:5      | Killed Edmund
  7863 | D:5      | Noticed Sigmund
  7869 | D:5      | Killed Sigmund
  7932 | D:6      | Reached skill level 8 in Polearms
  7932 | D:6      | Reached XP level 9. HP: 68/68 MP: 14/14
  8139 | D:6      | Found Esetemm's General Store.
  8693 | D:7      | Noticed a boulder beetle
  8894 | D:7      | Found a staircase to the Ecumenical Temple.
  9583 | D:8      | Reached skill level 9 in Polearms
 10058 | D:7      | Killed a boulder beetle
 10059 | D:7      | Reached skill level 5 in Fighting
 10059 | D:7      | Reached XP level 10. HP: 81/81 MP: 4/15
 10214 | D:9      | Learned a level 5 spell: Manifold Assault
 10274 | D:9      | Found Rieraocw's Magic Scroll Shop.
 10282 | D:9      | Bought a scroll of identify for 28 gold pieces
 10843 | D:9      | Found Judugh's General Store.
 10853 | D:9      | Bought a scroll of noise for 12 gold pieces
 10853 | D:9      | Bought a scroll of teleportation for 36 gold pieces
 10853 | D:9      | Bought a wand of flame (10) for 72 gold pieces
 10875 | D:9      | Noticed a manticore
 10965 | D:9      | Identified the ring of Ephemeral Luck {Fire Dex+2 SInv}
 10997 | D:9      | Killed a manticore
 10998 | D:9      | Reached skill level 10 in Translocations
 11068 | D:9      | Found Xoan's Assorted Antiques.
 11228 | D:9      | Noticed a manticore
 11239 | D:9      | Killed a manticore
 11304 | D:10     | Entered Level 10 of the Dungeon
 11336 | D:10     | Noticed a boulder beetle
 11336 | D:10     | Noticed a deep elf pyromancer
 11368 | D:10     | Killed a deep elf pyromancer
 11369 | D:10     | Reached skill level 10 in Polearms
 11495 | D:10     | Found Haboes's One-of-a-Kind Rings.
 11629 | D:10     | Noticed a two-headed ogre
 11645 | D:10     | Noticed a white ugly thing
 11655 | D:10     | Noticed a centaur warrior
 11735 | D:9      | Bought a scroll labelled BYGEFA KEARR for 20 gold pieces
 11765 | D:10     | Noticed a two-headed ogre
 11828 | D:9      | Killed a two-headed ogre
 11905 | D:10     | Cast into level 1 of the Abyss (gnoll sergeant)
 11966 | Abyss:2  | Noticed a thrashing horror
 11978 | D:10     | Escaped the Abyss
 12037 | D:10     | Killed a boulder beetle
 12038 | D:10     | Reached XP level 11. HP: 92/92 MP: 13/17
 12141 | D:10     | Got Vuvuc's Incunabulum of Burning Enchantment
 12150 | D:10     | Learned a level 3 spell: Gell's Gravitas
 12247 | D:10     | Killed a two-headed ogre
 12311 | D:10     | Noticed a deep elf pyromancer
 12323 | D:10     | Killed a deep elf pyromancer
 12505 | D:10     | Found a staircase to the Lair.
 12541 | D:10     | Killed a centaur warrior
 12542 | D:10     | Reached skill level 11 in Polearms
 13315 | D:11     | Found a gate leading to a gauntlet.
 13324 | Gauntlet | Entered a Gauntlet
 13324 | Gauntlet | Found a transporter.
 13328 | Gauntlet | Found a transporter.
 13332 | Gauntlet | Found a transporter.
 13337 | Gauntlet | Found a transporter.
 13344 | Gauntlet | Found a transporter.
 13348 | Gauntlet | Found a transporter.
 13354 | Gauntlet | Found a transporter.
 13355 | Gauntlet | Found a runed translucent gate.
 13356 | Gauntlet | Found a transporter.
 13357 | Gauntlet | Found a runed translucent gate.
 13357 | Gauntlet | Noticed a thrashing horror
 13358 | Gauntlet | Found a runed translucent gate.
 13360 | Gauntlet | Found a transporter.
 13364 | Gauntlet | Noticed a hell hog
 13369 | Gauntlet | Found a transporter.
 13372 | Gauntlet | Found a transporter.
 13377 | Gauntlet | Found a transporter.
 13382 | Gauntlet | Noticed a wizard
 13386 | Gauntlet | Found a transporter.
 13390 | Gauntlet | Noticed a wizard
 13416 | Gauntlet | Found a transporter.
 13502 | Gauntlet | Identified the ring "Vyah" {Will+ Int-5 Dex+6 SInv}
 13558 | Gauntlet | Identified the amulet "Bammebaw" {Reflect Contam rN+ rCorr
                  | Str+7 SH+5}
 13558 | Gauntlet | Noticed a minotaur
 13608 | Gauntlet | Killed a minotaur
 13817 | D:11     | Noticed a two-headed ogre
 13835 | D:11     | Killed a two-headed ogre
 14352 | D:12     | Reached XP level 12. HP: 91/104 MP: 5/18
 14656 | D:12     | Found a staircase to the Orcish Mines.
 14735 | D:12     | Reached skill level 12 in Polearms
 14754 | D:12     | Noticed Rupert
 14798 | D:12     | Paralysed by Rupert for 6 turns
 15378 | D:13     | Noticed a centaur warrior
 15389 | D:13     | Killed a centaur warrior
 15752 | D:13     | Noticed Urug
 15764 | D:13     | Killed Urug
 15809 | D:13     | Reached skill level 10 in Fighting
 16113 | D:13     | Noticed a centaur warrior
 16140 | D:13     | Killed a centaur warrior
 16581 | D:10     | Bought the ring of Jesopet {Fire Dex+4 Slay+3} for 636 gold
                  | pieces
 17070 | D:14     | Noticed Louise
 17081 | D:14     | Learned a level 1 spell: Apportation
 17215 | D:14     | Noticed a death knight
 17591 | D:14     | Found a gate to the Vaults.
 17591 | D:14     | Noticed a vault guard
 17591 | D:14     | Noticed a vault guard
 17605 | D:14     | Killed a vault guard
 17607 | D:14     | Reached skill level 13 in Polearms
 17607 | D:14     | Reached skill level 1 in Evocations
 17616 | D:14     | Killed a vault guard
 17617 | D:14     | Reached XP level 13. HP: 99/114 MP: 10/19
 17737 | D:15     | Entered Level 15 of the Dungeon
 17847 | D:15     | Paralysed by Rupert for 3 turns
 18148 | D:15     | Found a staircase to the Depths.
 18148 | D:15     | Noticed a stone giant
 18400 | Orc:1    | Entered Level 1 of the Orcish Mines
 18702 | Orc:1    | Found Kineol's Jewellery Boutique.
 19002 | Orc:2    | Entered Level 2 of the Orcish Mines
 19797 | Orc:1    | You are sucked into a shaft and drop 1 floor!
 19803 | Orc:2    | Found a staircase to the Elven Halls.
 19804 | Orc:2    | Noticed an orc warlord
 20226 | Orc:1    | Killed an orc warlord
 22309 | Orc:2    | Found Hokk's Armour Emporium.
 22309 | Orc:2    | Found Walorot's Antique Armour Shop.
 22311 | Orc:2    | Found Ido Rieph's Magic Scroll Emporium.
 22311 | Orc:2    | Found Tiklir's Antique Armour Shop.
 22320 | Orc:2    | Bought a warped leather armour for 203 gold pieces
 22320 | Orc:2    | Identified the +2 leather armour "Erimeodd" {Harm Will+
                  | Dex+2} (You bought it in a shop on level 2 of the Orcish
                  | Mines)
 22322 | Orc:2    | Bought an embroidered cloak for 255 gold pieces
 22429 | Lair:1   | Entered Level 1 of the Lair of Beasts
 22549 | Lair:1   | Identified a scroll of acquirement
 22683 | Lair:1   | Found a runed translucent gate.
 22684 | Lair:1   | Found a runed translucent gate.
 22684 | Lair:1   | Found a runed translucent gate.
 22684 | Lair:1   | Noticed frimble's ghost (journeyman GnIE)
 23450 | Lair:1   | Reached skill level 5 in Evocations
 23485 | Lair:1   | Killed frimble's ghost
 24047 | Lair:2   | Reached XP level 14. HP: 115/125 MP: 5/20
 24391 | Lair:2   | Reached skill level 14 in Polearms
 24424 | Lair:2   | Found a staircase to the Shoals.
 25358 | Lair:3   | Found a hole to the Spider Nest.
 26277 | Lair:4   | Found a dark tunnel.
 26284 | Volcano  | Entered a volcano
 28583 | Lair:5   | Found a staircase to the Slime Pits.
 29482 | Lair:5   | Reached skill level 15 in Translocations
 29781 | Lair:5   | Reached XP level 15. HP: 102/135 MP: 21/21
 29785 | Lair:5   | Learned a level 3 spell: Lesser Beckoning
 30530 | Lair:6   | Entered Level 6 of the Lair of Beasts
 30562 | Lair:6   | Learned a level 1 spell: Animate Skeleton
 30706 | Lair:6   | Reached skill level 1 in Necromancy
 31181 | Lair:6   | Identified the +5 ring mail of the Storm King {rElec}
 31384 | Lair:6   | Reached skill level 15 in Polearms
 31567 | Lair:6   | Found a one-way gate to the infinite horrors of the Abyss.
 31870 | Slime:1  | Entered Level 1 of the Pits of Slime
 31875 | Slime:1  | Noticed a rockslime
 31877 | Slime:1  | Noticed a rockslime
 32074 | Shoals:1 | Entered Level 1 of the Shoals
 32428 | Shoals:1 | Noticed Josephine
 32450 | Shoals:1 | Killed Josephine
 33027 | Shoals:1 | Reached skill level 5 in Necromancy
 33527 | Shoals:2 | Noticed Frances
 34348 | Shoals:2 | Noticed Roxanne
 34555 | Shoals:2 | Killed Frances
 36128 | Shoals:3 | Reached XP level 16. HP: 128/146 MP: 17/25
 36551 | Shoals:3 | Noticed a kraken
 36565 | Shoals:3 | Upgraded the game from 0.29-a0-187-ga23d9638d5 to
                  | 0.29-a0-194-g6e3aafee17
 36681 | Shoals:3 | Killed a kraken
 37625 | Shoals:4 | Entered Level 4 of the Shoals
 38527 | Shoals:4 | Got the Collected Works on Black Arts
 38533 | Shoals:4 | Learned a level 4 spell: Animate Dead
 39955 | Shoals:3 | Reached skill level 16 in Polearms
 40075 | Shoals:4 | Killed from afar by a merfolk aquamancer

Illustrated notes

Levels and vault maps discovered:
D:1:      mrwooster_arrival_arrow, layout_loops_ring,
          dreamdust_ecumenical_altar_statues, minmay_stone_trees_small,
          kennysheep_decorative_pillar
D:2:      layout_loops_corners, uniq_crazy_yiuf_cottage
D:3:      layout_basic, makhleb_altar_promises_db, serial_glass,
          glass_columns_c, glass_columns_a, cheibrodos_sewer_entry_bend,
          st_stairs_9, uniq_ijyb
D:4:      layout_basic, slow_altar_1, serial_shops, shop, uniq_pikel
D:5:      layout_basic, sigmund_edmund_badplayer, uniq_edmund, uniq_sigmund,
          uniq_eustachio
D:6:      corexii_shantytown, layout_loops_cross, grunt_temple_overflow_open,
          serial_shops, nicolae_shop_behind_doors
D:7:      layout_loops_cross, minmay_temple_entry_statues_fountains
D:8:      layout_cave_pools
D:9:      layout_roguey, serial_shops, shop_statue, nicolae_shop_hallway_stairs,
          shop, nicolae_concentric_dashed_squares_wild, minmay_checkerbox
D:10:     minmay_the_grid_octo_triangle [minmay_the_grid_octo_horde,
          minmay_the_grid_octo_prize_square_snowflake,
          minmay_the_grid_octo_clover], layout_irregular_city,
          minmay_lair_entry_grove, eino_tiny_chamber, nicolae_shop_unique_rings
D:11:     layout_roguey, gauntlet_entry_generic
D:12:     layout_basic, minmay_orc_entry_temple_small, lemuel_flamethrower_hall,
          uniq_rupert
D:13:     layout_loops_ring, uniq_urug
D:14:     layout_roguey, grunt_vaults_entry_tiered, uniq_louise
D:15:     grunt_enter_depths_snipers, layout_loops_ring, serial_shops,
          nicolae_shop_crystal, einodemon_crawler_minivault
Lair:1:   layout_cave_pods, gammafunk_ghost_ooze, tgw_fedhas, grunt_megastairs_3
Lair:2:   layout_regular_city, minmay_shoals_entry_lonely_mermaid,
          roderic_carrion_pond, serial_bayou_shore_b
Lair:3:   layout_regular_city, hellmonk_spider_entry_not_the_bees
Lair:4:   wad_woods_structure_01, layout_small_grid,
          nicolae_volcano_entry_lava_flow, lookout_lair_type, disabler_island
Lair:5:   layout_gridlike, slime_altar_1, dpeg_oklob_1, grunt_megastairs_5
Lair:6:   hellmonk_lair_end_abyssal_woods, layout_cave_shapes,
          serial_bayou_shore_a, infiniplex_staircase_pool_2, lemuel_fruit_fields
Shoals:1: layout_shoals, uniq_josephine
Shoals:2: layout_shoals, uniq_roxanne, uniq_frances
Shoals:3: layout_shoals, nicolae_shoals_nymph_descending_staircase
Shoals:4: shoals_end_simple, layout_shoals, nicolae_shop_clearance
Slime:1:  cheibrodos_slime_lost_civilization_9, layout_caves
Orc:1:    nicolae_orc_accident_1, layout_caves, serial_shops,
          nicolae_shop_advertising_works [nicolae_subvault_shop_adworks]
Orc:2:    grunt_orc_tribal_feast, layout_caves, nicolae_orc_lava_room

Skill      XL: |  1  2  3  4  5  6  7  8  9 10 11 12 13 14 15 16 |
---------------+-------------------------------------------------+-----
Polearms       | 2 3 4 5 6 8 9 10 11 13 14 15 16 | 16.0
Stealth        | 1 2 |  2.0
Translocations | 3 4 6 8 9 10 11 13 14 15 | 15.0
Fighting       | 2 5 7 9 10 11 13 14 | 14.5
Evocations     | 1 5 7 8 |  8.7
Spellcasting   | 3 4 |  4.2
Necromancy     | 7 9 |  9.0
Throwing       | |  0.8
Armour         | |  0.8
Dodging        | |  1.7

Action                   |  1- 3 |  4- 6 |  7- 9 | 10-12 | 13-15 | 16-18 || total
-------------------------+-------+-------+-------+-------+-------+-------++-------
Melee: Spear             |   101 |       |       |   113 |   309 |   185 ||   708
       Short sword       |    63 |       |       |       |       |       ||    63
       Punch             |     2 |     1 |     8 |     2 |       |     1 ||    14
       Trident           |       |   155 |   450 |   112 |       |       ||   717
       Halberd           |       |       |       |   485 |  1427 |   207 ||  2119
 Fire: Hunting sling     |       |       |    21 |    11 |       |       ||    32
       Shortbow          |       |       |       |    20 |   145 |       ||   165
       Hand crossbow     |       |       |       |     3 |       |       ||     3
Throw: Stone             |    17 |    16 |     7 |     5 |       |       ||    45
       Throwing net      |       |       |     2 |     1 |       |       ||     3
       Dart              |       |       |    13 |    20 |     3 |     3 ||    39
       Boomerang         |       |       |       |       |     7 |    10 ||    17
 Cast: Teleport Other    |       |       |    23 |    11 |    10 |     8 ||    52
       Blink             |       |       |    22 |     7 |    37 |     4 ||    70
       Manifold Assault  |       |       |       |     8 |   119 |    75 ||   202
       Gell's Gravitas   |       |       |       |    18 |    61 |     8 ||    87
       Apportation       |       |       |       |       |    17 |     2 ||    19
       Animate Skeleton  |       |       |       |       |    11 |    11 ||    22
       Lesser Beckoning  |       |       |       |       |     1 |     2 ||     3
       Animate Dead      |       |       |       |       |       |     2 ||     2
Evoke: Wand              |       |       |     1 |    10 |     2 |     3 ||    16
       Condenser vane    |       |       |       |     2 |     1 |       ||     3
       Piece from Xom's  |       |       |       |       |     4 |     3 ||     7
  Use: Potion            |     2 |       |       |     2 |     3 |     1 ||     8
       Scroll            |       |     2 |       |    11 |    11 |     4 ||    28
 Stab: Sleeping          |     7 |     3 |    12 |     2 |     9 |       ||    33
       Distracted        |       |       |     1 |     3 |     1 |       ||     5
       Confused          |       |       |       |     5 |     4 |       ||     9
       Paralysed         |       |       |       |     1 |       |       ||     1
       Petrified         |       |       |       |       |     3 |       ||     3
       Petrifying        |       |       |       |       |     2 |       ||     2
       Invisible         |       |       |       |       |     1 |       ||     1
Armor: Leather armour    |    32 |    23 |    49 |       |       |       ||   104
       Troll leather arm |       |       |   111 |   295 |   293 |    61 ||   760
Dodge: Dodged            |    80 |    77 |   209 |   341 |   489 |   129 ||  1325
       Repelled          |       |       |       |     4 |     1 |       ||     5
Block: Other             |       |       |       |    57 |   186 |    61 ||   304
       Reflection        |       |       |       |     3 |    14 |     8 ||    25

Table legend: (Time is in decaauts)
 A = Elapsed time spent in this place.
 B = Non-inter-level travel time spent in this place.
 C = Inter-level travel time spent in this place.
 D = Time resting spent in this place.
 E = Time spent auto-exploring this place.
 F = Levels seen in this place.
 G = Mean time per level.
                   A        B        C        D        E       F      G
               +--------+--------+--------+--------+--------+-----+--------+
         Total |  39443 |  36876 |   2567 |   8269 |  15206 |  33 | 1195.2 |
       Dungeon |  17317 |  16198 |   1119 |   2707 |   7608 |  15 | 1154.5 |
          Lair |   8859 |   7826 |   1033 |    976 |   4230 |   6 | 1476.5 |
        Shoals |   7692 |   7461 |    231 |   2757 |   1682 |   4 | 1923.0 |
    Slime Pits |     10 |     10 |      0 |      0 |      0 |   1 |   10.0 |
  Orcish Mines |   3935 |   3754 |    181 |   1401 |   1251 |   2 | 1967.5 |
         Abyss |     72 |     72 |      0 |      0 |     44 |   2 |   36.0 |
         Sewer |    663 |    663 |      0 |    291 |    134 |   1 |  663.0 |
       Volcano |    548 |    548 |      0 |     97 |    232 |   1 |  548.0 |
      Gauntlet |    345 |    345 |      0 |     38 |     24 |   1 |  345.0 |
               +--------+--------+--------+--------+--------+-----+--------+

Top non-repeatable levels by time:
Shoals:3: 3333 daAuts
   Orc:1: 2763 daAuts
  Lair:4: 2315 daAuts
     D:6: 2046 daAuts
Shoals:1: 1777 daAuts
Shoals:2: 1742 daAuts
    D:10: 1671 daAuts
  Lair:1: 1586 daAuts
  Lair:3: 1476 daAuts
    D:13: 1415 daAuts
     D:4: 1357 daAuts
     D:1: 1323 daAuts
     D:9: 1273 daAuts
  Lair:6: 1268 daAuts
     D:5: 1185 daAuts
